 Dungeon Crawl Stone Soup version 0.17.2-1-ge4368a0 (webtiles) character file.

58 ololoev the Skirmisher (level 3, -15/29 HPs)
             Began as a Demonspawn Fighter on Oct 25, 2016.
             Demolished by an ogre
             ... wielding a +0 giant club
              (27 damage)
             ... on level 5 of the Dungeon.
             The game lasted 00:02:06 (362 turns).

ololoev the Skirmisher (Demonspawn Fighter)          Turns: 362, Time: 00:02:06

Health: -15/29     AC:  9    Str: 17    XL:     3   Next: 76%
Magic:  3/3        EV:  9    Int:  9    God:
Gold:   67         SH:  0    Dex: 12    Spells: 0 memorised, 2 levels left

rFire  . . .     SeeInvis .     a - +0 war axe
rCold  . . .     Clarity  .     b - +0 scale mail
rNeg   . . .     SustAt   .     (no shield)
rPois  .         Gourm    .     (no helmet)
rElec  .         Spirit   .     m - +2 cloak
rCorr  .         Warding  .     (no gloves)
rMut   .         Stasis   .     (no boots)
MR     .....                    (no amulet)
Stlth  +.........               (no ring)
                                (no ring)

@: not resistant to hostile enchantments, very unstealthy
A: nightstalker 1
a: no special abilities


Innate Abilities, Weirdness & Mutations

You are slightly more attuned to the shadows.

Inventory:

Hand Weapons
 a - a +0 war axe (weapon)
Armour
 b - a +0 scale mail (worn)
 m - a +2 cloak (worn)
Scrolls
 c - a scroll of enchant armour {unknown}
 d - a scroll of recharging {unknown}
 h - a scroll of enchant weapon {unknown}
 i - a scroll of noise {unknown}
 j - a scroll of blinking {unknown}
 k - a scroll of magic mapping {unknown}
 l - a scroll of fog {unknown}
Potions
 f - a potion of agility {unknown}
 g - 2 potions of curing {unknown}
Comestibles
 e - 3 bread rations


   Skills:
 + Level 3.5 Fighting
 * Level 3.0 Axes
 + Level 3.1 Armour
   Level 2.6 Shields


You had 2 spell levels left.
You didn't know any spells.


You were on level 5 of the Dungeon.
You were not hungry.

You visited 1 branch of the dungeon, and saw 5 of its levels.

You collected 67 gold pieces.

.. ... ... ..
..... #.#. ##
... ..
#.###.####
#.<@)....#
.......†O...>#
###.#...#....#
# #......$.#
#+#.#....#
..#..... ...
#..#

Notes
Turn   | Place    | Note
--------------------------------------------------------------
     0 | D:1      | ololoev the Demonspawn Fighter began the quest for the Orb.
     0 | D:1      | Reached XP level 1. HP: 18/18 MP: 1/1
   196 | D:2      | Gained mutation: You are slightly more attuned to the shadows. [demonic ancestry]
   196 | D:2      | Reached XP level 2. HP: 14/24 MP: 2/2
   291 | D:3      | Reached XP level 3. HP: 19/29 MP: 3/3
   355 | D:5      | Entered Level 5 of the Dungeon
   356 | D:5      | Noticed an ogre
   362 | D:5      | Demolished by an ogre

Dungeon Overview and Level Annotations

Branches:
Dungeon (5/15)
 Temple: D:4-7

Altars:


Message History

The worker ant bites you but does no damage.
The worker ant bites you.
You slash the worker ant!
You kill the worker ant!
Your Armour skill increases to level 3!
Found a ring mail.
You see here a ring mail.
Found a stone staircase leading down.
There is a stone staircase leading down here.
You climb downwards. 2 orcs come into view.
The orc shouts! x2
You hear a shout!
Found 16 gold pieces.
Found a stone staircase leading down.
There is a stone staircase leading up here.
An ogre comes into view. It is wielding a giant club.
The ogre shouts!
The orc hits you but does no damage.
A giant gecko comes into view.
You hit the orc.
The orc is severely wounded.
The orc hits you but does no damage.
You hit the orc.
You kill the orc!
You slash the orc!
You kill the orc!
Your Axes skill increases to level 3!
You hit the ogre.
The ogre is lightly wounded.
The ogre hits you with a giant club!
You hit the ogre.
The ogre is moderately wounded.
You slash the giant gecko!
You kill the giant gecko!
The ogre hits you but does no damage.
You slash the ogre!
The ogre is heavily wounded.
The ogre hits you with a giant club!!
Ouch! That really hurt!
You die...

You could see an ogre.

Vanquished Creatures
  A worker ant (D:4)
  2 adders (D:2)
  2 giant geckos
  2 orcs (D:5)
  A goblin (D:2)
  2 hobgoblins
  3 kobolds
  A giant cockroach (D:1)
  4 rats
18 creatures vanquished.

Action                   || total
-------------------------++-------
Melee: War axe           ||    40
  Use: Potion            ||     1

Vault maps used:
D:1:      sevenhm_arrival_forest_fort_small_3
D:2:      first_bread, uniq_iyjb
D:3:      uniq_jessica, uniq_crazy_yiuf_cottage
D:4:      uniq_duvessa
D:5:      minmay_temple_entry_nine_rooms
